 Dungeon Crawl Stone Soup version 0.31-a0-1476-g8a4046af8c (webtiles) character file.

Game seed: 1233927674764208458

1356 Ivernyr the Shield-Bearer (level 8, -4/64 HPs)
             Began as a Formicid Fighter on Dec 29, 2023.
             Was a Believer of Wu Jian.
             Slain by a harpy (6 damage)
             ... on level 5 of the Dungeon.
             The game lasted 00:09:40 (4168 turns).

Ivernyr the Shield-Bearer (Formicid Fighter)        Turns: 4168, Time: 00:09:41

Health: -4/64      AC: 12    Str: 23    XL:     8   Next: 95%
Magic:  8/8        EV:  7    Int:  8    God:    Wu Jian [**....]
Gold:   175        SH: 16    Dex: 19    Spells: 7/7 levels left

rFire   . . .        a - +3 quarterstaff (chaos)
rCold   . . .        c - +0 tower shield
rNeg    . . .        b - +0 scale mail
rPois   .            (helmet unavailable)
rElec   .            r - +0 cloak {Will+}
rCorr   .            (no gloves)
SInv    +            (no boots)
Will    +....        (no amulet) Stlth
                     f - +6 ring of dexterity
HPRegen 0.30/turn    n - +4 ring of protection
MPRegen 0.11/turn

%: no passive effects
@: no status effects
A: permanent stasis, dig shafts and tunnels, antennae 3, four strong arms
a: Dig, Shaft Self, Renounce Religion, Wall Jump


You were on level 5 of the Dungeon.
You worshipped Wu Jian.
Wu Jian was pleased with you.
You visited 1 branch of the dungeon, and saw 5 of its levels.
You also visited: Ossuary.

You collected 175 gold pieces.

Inventory:

Hand Weapons
 a - a +3 quarterstaff of chaos (weapon)
Armour
 b - a +0 scale mail (worn)
 c - a +0 tower shield (worn)
 r - a +0 cloak of willpower (worn)
Jewellery
 f - a +6 ring of dexterity (left hand)
 h - a ring of positive energy
 i - a ring of flight
 n - a +4 ring of protection (right hand)
Scrolls
 j - 2 scrolls of identify
 k - a scroll of noise {unknown}
 l - a scroll of amnesia
 m - a scroll of silence {unknown}
 s - a scroll of revelation {unknown}
 u - a scroll of blinking {unknown}
 x - a scroll of butterflies {unknown}
 y - a scroll of vulnerability {unknown}
Potions
 d - a potion of might
 e - 5 potions of heal wounds {unknown}
 g - a potion of berserk rage {unknown}
 o - 2 potions of degeneration {unknown}
 p - 4 potions of invisibility {unknown}
 q - 6 potions of curing {unknown}
 t - 2 potions of haste {unknown}
 v - 2 potions of lignification {unknown}
 w - a potion of cancellation {unknown}


   Skills:
 + Level 5.9 Fighting
 * Level 6.8 Staves
 + Level 5.9 Armour
 + Level 7.2 Shields


You had 7 spell levels left.
You didn't know any spells.
Your spell library contained the following spells:

 Spells                   Type           Power      Damage    Failure   Level
 Lesser Beckoning         Tloc           0%         N/A       100%        2
 Gell's Gravitas          Tloc           0%         N/A       100%        3
 Teleport Other           Tloc           0%         N/A       100%        3


Dungeon Overview and Level Annotations

Branches:
Dungeon (5/15)            Ossuary (visited)
 Temple: D:4-7

Altars:
Okawaru
Qazlal
Wu Jian
Zin


Innate Abilities, Weirdness & Mutations

You cannot be hasted, slowed, berserked, paralysed or teleported.
You can dig through walls and to a lower floor.
You have a pair of large antennae on your head. (SInv)
Your four strong arms can wield two-handed weapons with a shield.


Message History

You block the black bear's attack.
You hit the black bear.
Lightning courses through the black bear!
The black bear is heavily wounded.
You block the black bear's attack.
The black bear claws you but does no damage. x2
You hit the black bear.
The black bear is severely wounded.
The black bear goes berserk!
The black bear bites you but does no damage.
The black bear claws you but does no damage.
You block the black bear's attack.
You hit the black bear.
The black bear evaporates and reforms as a harpy!
The harpy is severely wounded.
The harpy claws you. You block the harpy's attack.
You closely miss the black bear. You block the black bear's attack.
The black bear claws you but does no damage.
You block the black bear's attack.
You thump the black bear!
Lightning courses through the black bear!!
The black bear is almost dead.
The black bear goes berserk!
You hit the black bear. You freeze the black bear.
You kill the black bear!
The Council accepts your kill. The harpy claws you but does no damage.
You block the harpy's attack.
You hit the harpy.
The harpy flies into a frenzy!
The harpy is severely wounded.
You block the harpy's attack. The harpy claws you. The harpy claws you! x2
The harpy screeches!
The harpy claws you!!
* * * LOW HITPOINT WARNING * * *
The harpy claws you.
* * * LOW HITPOINT WARNING * * *
The harpy attacks as it pursues you! The harpy barely misses you.
You block the harpy's attack. x2; The harpy claws you!
* * * LOW HITPOINT WARNING * * *
You block the harpy's attack. The harpy claws you.
You die...

#.##### ##......## #.....#
##........## #####.##
#........<.#
######..#######..........#
.........................#
########..####...........#
##.##.............#
#....###........##
####..#####@.......# {
#.....#....H.[......#
#...###...##..........#
###.###...............#
........###...........#
...##..## #.......... ##.
........... #.
#.#........# ..
#.##.######


You could see a neutral harpy (fast, strong, frenzied).

Vanquished Creatures
  Grinder (D:4)
  A water moccasin (D:3)
  A black bear (D:5)
  A weeping skull (Ossuary)
  2 elf skeletons (D:4)
  A scorpion (D:4)
  3 water moccasin zombies (Ossuary)
  2 hounds (D:4)
  A human zombie (D:4)
  2 human skeletons (D:4)
  Crazy Yiuf (D:2)
  2 iguanas (D:4)
  Natasha (thrice) (D:4)
  Terence (D:2)
  A scorpion zombie (D:3)
  2 crocodile zombies (Ossuary)
  A bullfrog simulacrum (Ossuary)
  A hound zombie (D:3)
  2 mummies (Ossuary)
  4 adders
  4 gnolls (D:3)
  An adder skeleton (D:3)
  3 adder zombies (Ossuary)
  2 dart slugs
  2 orcs
  2 bats
  4 endoplasms
  2 giant cockroaches
  11 gnoll zombies (Ossuary)
  5 goblins
  4 hobgoblins
  3 jackals (D:1)
  5 kobolds
  A quokka (D:1)
  2 ball pythons
  A frilled lizard (D:1)
  4 jackal zombies (Ossuary)
  5 orc zombies
  7 rats
101 creatures vanquished.

Notes
Turn   | Place    | Note
-------+----------+-------------------------------------------
     0 | D:1      | Ivernyr the Formicid Fighter began the quest for the Orb.
     0 | D:1      | Reached XP level 1. HP: 18/18 MP: 1/1
   243 | D:1      | Reached XP level 2. HP: 12/24 MP: 2/2
   907 | D:2      | Noticed Terence
   921 | D:2      | Killed Terence
   922 | D:2      | Reached XP level 3. HP: 7/30 MP: 3/3
  1125 | D:2      | Found an iron altar of Okawaru.
  1307 | D:2      | Found a runed translucent door.
  1308 | D:2      | Noticed Crazy Yiuf
  1318 | D:2      | Killed Crazy Yiuf
  1319 | D:2      | Reached XP level 4. HP: 22/37 MP: 4/4
  1816 | D:3      | Reached XP level 5. HP: 37/39 MP: 5/5
  1894 | D:3      | Noticed a water moccasin
  1898 | D:3      | Killed a water moccasin
  1899 | D:3      | Reached skill level 5 in Shields
  1899 | D:3      | Reached XP level 6. HP: 49/49 MP: 6/6
  1951 | D:3      | Found an ornate altar of the Wu Jian Council.
  1952 | D:3      | Found a stormy altar of Qazlal.
  1955 | D:3      | Became a worshipper of the Wu Jian Council
  2455 | D:4      | Noticed Grinder
  2507 | D:4      | Killed Grinder
  2508 | D:4      | Reached XP level 7. HP: 39/55 MP: 7/7
  2578 | D:4      | Reached skill level 5 in Staves
  2638 | D:4      | Found a glowing silver altar of Zin.
  2666 | D:4      | Reached skill level 6 in Shields
  2860 | D:4      | Reached skill level 5 in Fighting
  2860 | D:4      | Reached skill level 5 in Armour
  2876 | D:4      | Found a sand-covered staircase.
  2882 | D:4      | Reached XP level 8. HP: 59/62 MP: 8/8
  2885 | Ossuary  | Entered an ossuary
  2916 | Ossuary  | Reached * piety under Wu Jian
  3327 | D:4      | Noticed Natasha
  3331 | D:4      | Killed Natasha
  3382 | D:4      | Reached ** piety under Wu Jian
  3387 | D:4      | Reached skill level 7 in Shields
  3541 | D:4      | Noticed Natasha
  3551 | D:4      | Killed Natasha
  4020 | D:4      | Noticed Natasha
  4026 | D:4      | Killed Natasha
  4109 | D:5      | Entered Level 5 of the Dungeon
  4162 | D:5      | a black bear changed into a harpy
  4162 | D:5      | Noticed a harpy
  4168 | D:5      | HP: 2/64 [harpy (11)]
  4168 | D:5      | Slain by a harpy

Illustrated notes

Levels and vault maps discovered:
D:1:      sevenhm_arrival_forest_fort_small_3, layout_loops_ring
D:2:      layout_basic, basic_altar, corexii_hall_statues_x, uniq_terence,
          uniq_crazy_yiuf_cottage
D:3:      layout_loops_cross, mainiacjoe_overflow_divided_tiny, serial_undead,
          serial_undead_f, serial_undead_a, serial_undead_d, serial_undead_e
D:4:      layout_layer_cave, zin_academy, nicolae_ossuary_entry_catacombs,
          kennysheep_generic_room_12, uniq_grinder, uniq_natasha
D:5:      layout_rooms, st_stairs_8

Skill      XL: |  1  2  3  4  5  6  7  8 |
---------------+-------------------------+-----
Staves         | 3 4 5 6 |  6.8
Fighting       | 4 5 |  5.9
Armour         | 4 5 |  5.9
Shields        | 5 6 7 |  7.2

Action                     |  1- 3 |  4- 6 |  7- 9 || total
---------------------------+-------+-------+-------++-------
  Melee: Quarterstaff      |    83 |    59 |   201 ||   343
Ability: Dig               |       |     1 |     2 ||     3
         Lunge             |       |     4 |     9 ||    13
         Whirlwind         |       |       |     3 ||     3
    Use: Scroll            |       |       |     4 ||     4
   Stab: Paralysed         |       |       |     1 ||     1
 Armour: Scale mail        |    42 |    23 |   110 ||   175
  Dodge: Dodged            |    31 |    11 |    33 ||    75
  Block: Buckler           |    13 |       |       ||    13
         Tower shield      |     9 |    36 |   144 ||   189

Table legend: (Time is in decaauts)
 A = Elapsed time spent in this place.
 B = Non-inter-level travel time spent in this place.
 C = Inter-level travel time spent in this place.
 D = Time resting spent in this place.
 E = Time spent auto-exploring this place.
 F = Levels seen in this place.
 G = Mean time per level.
                   A        B        C        D        E       F      G
               +--------+--------+--------+--------+--------+-----+--------+
         Total |   4252 |   4041 |    211 |    319 |   2665 |   6 |  708.7 |
       Dungeon |   3947 |   3736 |    211 |    270 |   2637 |   5 |  789.4 |
       Ossuary |    305 |    305 |      0 |     49 |     28 |   1 |  305.0 |
               +--------+--------+--------+--------+--------+-----+--------+

Top non-repeatable levels by time:
     D:4: 1364 daAuts
     D:2: 906 daAuts
     D:1: 892 daAuts
     D:3: 723 daAuts
 Ossuary: 305 daAuts
     D:5: 60 daAuts
